 Dungeon Crawl Stone Soup version 0.30.0-16-gbe6223bb7e (webtiles) character file.

Game seed: 9448392902735225315

5173 Jackthecabe the Demonic Disaster (level 10, -7/80 HPs)
             Began as a Demonspawn Warper on May 20, 2023.
             Was a Believer of Qazlal.
             Mangled by Grum
             ... wielding a +1 spear
              (11 damage)
             ... on level 8 of the Dungeon.
             The game lasted 00:17:16 (8689 turns).

Jackthecabe the Demonic Disaster (DsWr)             Turns: 8689, Time: 00:17:16

Health: -7/80      AC: 18    Str: 15    XL:     10   Next: 34%
Magic:  19/19      EV:  7    Int: 15    God:    Qazlal [**....]
Gold:   234        SH:  0    Dex: 13    Spells: 13/13 levels left

rFire   + . .        f - +5 quarterstaff (spect)
rCold   . . .        (shield currently unavailable)
rNeg    . . .        q - +5 chain mail of the Shrike {Will+}
rPois   .            (helmet restricted)
rElec   .            (no cloak)
rCorr   .            k - +0 pair of gloves
SInv    .            r - +0 pair of boots
Will    ++...        (no amulet) Stlth
                     h - ring of willpower
HPRegen 0.33/turn    F - ring of protection from fire {rF+}
MPRegen 0.16/turn

%: no passive effects
@: confused, ambrosia-drunk, studying Armour
A: antennae 2, yellow scales 2, demonic guardian 1
a: Renounce Religion, Upheaval


You were on level 8 of the Dungeon.
You worshipped Qazlal.
Qazlal was pleased with you.
You visited 1 branch of the dungeon, and saw 10 of its levels.

You collected 471 gold pieces.
You spent 237 gold pieces at shops.

Inventory:

Hand Weapons
 a - a +0 hand axe
 f - a +5 spectral quarterstaff (weapon)
   (You found it on level 1 of the Dungeon)
Missiles
 d - 7 boomerangs of dispersal (quivered) {=f}
 o - 8 boomerangs
Armour
 b - a +0 leather armour
 k - a +0 pair of gloves (worn)
   (You found it on level 1 of the Dungeon)
 q - the +5 chain mail of the Shrike (worn) {Will+}
   (You bought it in a shop on level 2 of the Dungeon)

   Will:      It increases your willpower.
 r - a +0 pair of boots (worn)
   (You found it on level 2 of the Dungeon)
 A - a +0 scale mail
   (You found it on level 4 of the Dungeon)
 G - the +0 robe of the Maze {Regen+ Str+3}
   (You found it on level 10 of the Dungeon)

   Str:       It affects your strength (+3).
   Regen:     It increases your rate of health regeneration.
Magical Staves
 I - a staff of death {rN+}
   (You found it on level 9 of the Dungeon)
 K - a staff of poison {rP+}
   (You found it on level 9 of the Dungeon)
Jewellery
 h - a ring of willpower (left hand)
   (You found it on level 1 of the Dungeon)
 C - a ring of protection from fire {rF+}
   (You found it on level 8 of the Dungeon)
 F - a ring of protection from fire (right hand) {rF+}
   (You found it on level 2 of the Dungeon)
Wands
 x - a wand of polymorph (10)
   (You took it off Ijyb on level 4 of the Dungeon)
 B - a wand of iceblast (7)
   (You found it on level 6 of the Dungeon)
 D - a wand of paralysis (5)
   (You found it on level 10 of the Dungeon)
 H - a wand of quicksilver (1)
   (You found it on level 9 of the Dungeon)
Scrolls
 c - 3 scrolls of blinking {!r!d}
 e - 13 scrolls of teleportation {!r!d, @r3}
 i - a scroll of acquirement {unknown}
 j - a scroll of magic mapping {unknown}
 n - 2 scrolls of fear
 t - a scroll of amnesia {unknown}
 v - a scroll of butterflies {unknown}
 y - 3 scrolls of fog
 E - a scroll of identify {@r1}
Potions
 g - 2 potions of haste {unknown}
 l - a potion of ambrosia
 m - 3 potions of curing {@q1, !d}
 p - a potion of heal wounds {unknown}
 s - 2 potions of flight {unknown}
 u - 2 potions of lignification {!q}
 w - 2 potions of mutation {!q}
 z - a potion of magic
 J - a potion of degeneration {unknown}


   Skills:
 - Level 8.0 Fighting
 - Level 2.1 Axes
 - Level 8.0 Staves
 - Level 0.8 Throwing
 - Level 0.8 Armour
 - Level 1.7 Dodging
 - Level 2.0 Spellcasting
 - Level 2.6 Translocations
 + Level 12.8 Invocations


You had 13 spell levels left.
You didn't know any spells.
Your spell library contained the following spells:

 Spells                   Type           Power      Damage    Failure   Level
 Blink                    Tloc           18%        N/A       87%         2
 Lesser Beckoning         Tloc           18%        N/A       87%         2
 Beastly Appendage        Tmut           2%         N/A       98%         1
 Magic Dart               Conj           4%         1d3       98%         1
 Sandblast                Erth           2%         2d4       98%         1
 Gell's Gravitas          Tloc           9%         N/A       98%         3
 Teleport Other           Tloc           9%         N/A       98%         3
 Call Imp                 Summ           2%         N/A       99%         2
 Passwall                 Tmut/Erth      0%         N/A       99%         2
 Wereblood                Tmut           1%         N/A       99%         2
 Vhi's Electric Charge    Tloc/Air       10%        N/A       99%         3
 Ignite Poison            Fire/Tmut/Pois 1%         N/A       100%        3
 Mephitic Cloud           Conj/Pois/Air  1%         N/A       100%        3
 Spider Form              Tmut/Pois      1%         N/A       100%        3
 Stone Arrow              Conj/Erth      2%         3d7       100%        3
 Manifold Assault         Tloc           9%         N/A       100%        4
 Sticky Flame             Conj/Fire      1%         2d3       100%        4
 Ignition                 Fire           0%         3d3       100%        8


Dungeon Overview and Level Annotations

Branches:
Dungeon (10/15)            Temple (0/1) D:5
   Lair: D:8-11         Orc: D:9-12

Altars:
Cheibriados
Dithmenos
Gozag
Kikubaaqudgha
Makhleb
Okawaru
Qazlal
Sif Muna
Trog
Vehumet
Wu Jian
Xom
Yredelemnul

Shops:
D:2 *[:

Annotations:
D:3 !terence w/ disto, Terence
D:8 Grum


Innate Abilities, Weirdness & Mutations

You have a pair of antennae on your head.
You are mostly covered in yellow scales. (AC +3)
A weak demonic guardian rushes to your aid.


Message History

a +0 whip; a +0 leather armour A centaur comes into view.
The centaur shouts!
The centaur wields a +0 shortbow.
The centaur shoots an arrow.
The arrow hits you!
A demonic guardian appears!
You take 7 damage, and have 73/80 hp.
A centaur is nearby!
A centaur is nearby!
The centaur shoots an arrow.
The arrow completely misses your ufetubus.
The arrow closely misses you.
A centaur is nearby!
A wolf comes into view.
The wolf howls!
The centaur shoots an arrow.
The arrow barely misses your ufetubus. The arrow hits you!
The centaur shoots an arrow.
The arrow hits your ufetubus!
Your ufetubus dies!
Your ufetubus disappears in a puff of smoke!
You take 12 damage, and have 61/80 hp.
The centaur shoots an arrow.
The arrow hits you. The wolf bites you.
The centaur shoots an arrow.
The arrow hits you but does no damage.
You take 6 damage, and have 55/80 hp.
You completely miss the wolf.
Your +5 spectral quarterstaff barely misses the wolf.
You hear an angry growl.
You hear a howl!
The wolf bites you!
The centaur shoots an arrow.
The arrow barely misses your +5 spectral quarterstaff.
The arrow hits you but does no damage.
Grum the Hunter comes into view.
He is wielding a +1 spear.
You block the wolf's attack.
You take 6 damage, and have 49/80 hp.
You hit the wolf.
Your +5 spectral quarterstaff barely misses the wolf.
The wolf bites you but does no damage.
The centaur shoots an arrow.
The arrow hits your +5 spectral quarterstaff!
Your spectral weapon shares its damage with you!
A demonic guardian appears!
You take 4 damage, and have 45/80 hp.
Unknown command.
You miss the wolf.
Your +5 spectral quarterstaff hits the wolf!
A wolf comes into view.
The wolf bites your +5 spectral quarterstaff.
Your spectral weapon shares its damage with you!
The centaur unwields a +0 shortbow.
The centaur hits your +5 spectral quarterstaff!
Your spectral weapon shares its damage with you!
The centaur kicks your +5 spectral quarterstaff.
Your spectral weapon shares its damage with you!
You take 5 damage, and have 40/80 hp.
You closely miss the wolf.
Your +5 spectral quarterstaff hits the wolf.
The wolf barely misses you. The wolf bites you but does no damage.
You closely miss the wolf.
Your +5 spectral quarterstaff closely misses the wolf.
The wolf bites you but does no damage. You block the wolf's attack.
Grum points his finger and shouts, "Spike!
Sic 'em!"
The wolf barely misses you. The wolf bites you but does no damage.
You hit the wolf.
Your +5 spectral quarterstaff closely misses the wolf.
The wolf bites you but does no damage. The wolf bites you.
Grum hits you from afar with a +1 spear!
* * * LOW HITPOINT WARNING * * *
The centaur wields a +0 shortbow.
The centaur shoots an arrow.
You block the arrow.
You take 20 damage, and have 21/80 hp.
MASSIVE DAMAGE!!
Your +5 spectral quarterstaff disappears.
The wolf bites you.
* * * LOW HITPOINT WARNING * * *
Grum hits you but does no damage.
Your shadow imp barely misses the wolf.
The wolf bites you but does no damage. The wolf barely misses you.
You take 2 damage, and have 19/80 hp.
The wolf attacks as you move away! The wolf barely misses you.
The centaur shoots an arrow.
The arrow misses your shadow imp.
The arrow closely misses the wolf.
The arrow hits you but does no damage.
Your shadow imp completely misses the wolf.
The wolf closely misses you.
The centaur shoots an arrow.
The arrow closely misses your shadow imp.
The arrow barely misses the wolf.
The arrow barely misses you.
You barely miss the wolf. The wolf bites you but does no damage.
Your shadow imp hits the wolf.
The centaur shoots an arrow.
The arrow hits your shadow imp!
Your shadow imp dies!
Your shadow imp disappears in a puff of smoke!
You thump the wolf!
You kill the wolf!
Qazlal accepts your kill.
Grum hits you from afar with a +1 spear!
* * * LOW HITPOINT WARNING * * *
The wolf bites you but does no damage.
You take 16 damage, and have 4/80 hp.
You are confused.
You feel invigorated. The wolf barely misses you.
Grum hits you but does no damage. The wolf bites you!
* * * LOW HITPOINT WARNING * * *
You take 3 damage, and have 1/80 hp.
Unknown command.
You sock the wolf! The wolf bites you but does no damage.
Grum hits you from afar with a +1 spear!
You die...

###.###. .##
#.... ....)...
... ..# ....
........ #..
..# #.#.
###.#### #.#
#.# ##... # #.#
#.# #... #.#
#.# #.. #.# #.#
#.#
###.###.###@# #
#.........#h#.#
#.#####.#..cg.#
#.#
#....#.......
#.#
####....#####
#.# ##.#... #.#
#...... ##.#
#.###### #..#
#.#


You could see Grum, a wolf and a centaur.

Vanquished Creatures
  Erica (D:8)
  A hornet (D:10)
  4 yaks (D:10)
  4 steam dragons (D:10 D:9 D:8)
  Menkaure (D:4)
  4 water moccasins (D:5 D:6 D:8 D:9)
  A sky beast (D:7)
  2 black bears (D:4)
  An orc warrior (D:7)
  An ice beast (D:7)
  2 ogres (D:5 D:6)
  3 centaurs (D:9)
  A wolf (D:8)
  2 gnoll sergeants (D:7 D:10)
  2 scorpions (D:6 D:7)
  4 bullfrogs (D:6 D:7 D:8)
  13 killer bees (D:7 D:9 D:8)
  2 howler monkeys (D:4 D:7)
  A jelly (D:7)
  2 orc priests (D:10 D:9)
  5 hounds (D:4 D:5 D:6)
  Natasha (thrice) (D:4)
  Ijyb (D:4)
  7 iguanas (D:4 D:5 D:6 D:7)
  3 orc wizards (D:7 D:9)
  10 gnolls (D:7 D:10 D:9)
  5 adders (D:2 D:4 D:5 D:6)
  A shadow imp (D:5)
  3 worms (D:2 D:3 D:4)
  2 dart slugs (D:1 D:4)
  18 orcs (D:3 D:4 D:6 D:7 D:9)
  2 endoplasms (D:1)
  2 giant cockroaches (D:4)
  6 goblins (D:1 D:2)
  2 hobgoblins (D:1)
  10 jackals (D:1 D:3 D:4)
  3 quokkas (D:1 D:3)
  8 ball pythons (D:1 D:2 D:3 D:4)
  6 bats (D:1 D:2 D:3)
  8 frilled lizards (D:1 D:2 D:3)
  6 kobolds (D:1 D:3 D:4)
  4 rats (D:1 D:2 D:3)
167 creatures vanquished.

Vanquished Creatures (others)
  An orc priest (D:9)
1 creature vanquished.

Grand Total: 168 creatures vanquished

Notes
Turn   | Place    | Note
-------+----------+-------------------------------------------
     0 | D:1      | Jackthecabe the Demonspawn Warper began the quest for the
                  | Orb.
     0 | D:1      | Reached XP level 1. HP: 16/16 MP: 3/3
    72 | D:1      | Reached skill level 2 in Axes
   211 | D:1      | Reached skill level 1 in Staves
   211 | D:1      | Gained mutation: You are partially covered in yellow
                  | scales. (AC +2) [demonic ancestry]
   211 | D:1      | Reached XP level 2. HP: 22/22 MP: 5/5
   608 | D:1      | Reached skill level 2 in Staves
   700 | D:2      | Reached XP level 3. HP: 26/27 MP: 6/6
   726 | D:2      | Found Neacw's Book Shop.
   744 | D:2      | Found Uthrus's Antique Armour Shoppe.
   811 | D:2      | Found Zegauff's Assorted Antiques.
  1141 | D:2      | Found an iron altar of Okawaru.
  1949 | D:3      | Reached skill level 3 in Staves
  2193 | D:3      | Found a faded altar of an unknown god.
  2193 | D:3      | Noticed Terence
  2246 | D:2      | Gained mutation: You have a pair of small antennae on your
                  | head. [demonic ancestry]
  2246 | D:2      | Reached XP level 4. HP: 33/33 MP: 7/7
  2477 | D:4      | Noticed Menkaure
  2490 | D:4      | HP: 1/33 [Menkaure (18)]
  2788 | D:4      | Found a shadowy altar of Dithmenos.
  2816 | D:4      | HP: 11/33 [iguana (11)]
  2818 | D:4      | Reached skill level 4 in Staves
  2912 | D:4      | Noticed a black bear
  2919 | D:4      | Killed a black bear
  2920 | D:4      | Reached XP level 5. HP: 33/38 MP: 8/8
  2973 | D:4      | Noticed Natasha
  2977 | D:4      | Killed Natasha
  2978 | D:4      | Reached skill level 5 in Staves
  3010 | D:3      | Found a stormy altar of Qazlal.
  3017 | D:3      | Became a worshipper of Qazlal Stormbringer
  3043 | D:4      | Noticed Natasha
  3048 | D:4      | Killed Natasha
  3049 | D:4      | Gained mutation: You are mostly covered in yellow scales.
                  | (AC +3) [demonic ancestry]
  3049 | D:4      | Reached XP level 6. HP: 37/44 MP: 9/9
  3108 | D:4      | Noticed Ijyb
  3111 | D:4      | HP: 10/44 [Menkaure (14)]
  3112 | D:4      | Killed Menkaure
  3113 | D:4      | Reached skill level 6 in Staves
  3135 | D:4      | Noticed Natasha
  3139 | D:4      | HP: 25/66 [Natasha (4)]
  3146 | D:4      | Killed Natasha
  3150 | D:4      | Killed Ijyb
  3383 | D:4      | Gained mutation: You have a pair of antennae on your head.
                  | [demonic ancestry]
  3383 | D:4      | Reached XP level 7. HP: 46/50 MP: 10/10
  3894 | D:5      | Entered Level 5 of the Dungeon
  3961 | D:5      | Found a staircase to the Ecumenical Temple.
  4053 | D:5      | Reached skill level 7 in Staves
  4078 | D:5      | Found a shimmering blue altar of Sif Muna.
  4243 | D:5      | HP: 24/50 [poisoned by a water moccasin]
  4247 | D:5      | HP: 8/50 [water moccasin (6)]
  4252 | D:5      | HP: 12/50 [poisoned by a water moccasin]
  4257 | D:5      | HP: 25/50 [poisoned by a water moccasin]
  4797 | D:5      | Reached skill level 8 in Staves
  4970 | D:6      | Reached skill level 1 in Invocations
  5001 | D:6      | Gained mutation: A weak demonic guardian rushes to your
                  | aid. [demonic ancestry]
  5001 | D:6      | Reached XP level 8. HP: 49/57 MP: 11/11
  5042 | D:6      | Reached skill level 3 in Fighting
  5098 | D:6      | Reached skill level 2 in Invocations
  5127 | D:6      | Reached skill level 4 in Fighting
  5257 | D:6      | Reached skill level 3 in Invocations
  5531 | D:6      | Found an iron altar of Okawaru.
  5536 | D:6      | Reached * piety under Qazlal
  5708 | D:7      | Reached skill level 5 in Fighting
  5708 | D:7      | Reached skill level 4 in Invocations
  5843 | D:7      | HP: 30/62 [killer bee (6)]
  5850 | D:7      | HP: 28/62 [killer bee (4)]
  5855 | D:7      | HP: 17/63 [poisoned by a killer bee]
  5860 | D:7      | HP: 12/64 [poisoned by a killer bee]
  6276 | D:7      | Reached skill level 6 in Fighting
  6276 | D:7      | Reached skill level 5 in Invocations
  6342 | D:7      | Found an ornate altar of the Wu Jian Council.
  6344 | D:7      | Found a basalt altar of Yredelemnul.
  6542 | D:7      | Reached XP level 9. HP: 71/71 MP: 13/13
  6672 | D:7      | Reached skill level 7 in Fighting
  6676 | D:7      | Reached skill level 6 in Invocations
  7081 | D:8      | You fall into a shaft and drop 2 floors!
  7081 | D:10     | Entered Level 10 of the Dungeon
  7098 | D:10     | Found an ancient bone altar of Kikubaaqudgha.
  7099 | D:10     | Found an opulent altar of Gozag.
  7103 | D:10     | Found a burning altar of Makhleb.
  7103 | D:10     | Found a shimmering altar of Xom.
  7324 | D:10     | Found a bloodstained altar of Trog.
  7351 | D:10     | Reached skill level 8 in Fighting
  7351 | D:10     | Reached skill level 7 in Invocations
  7373 | D:10     | Reached skill level 8 in Invocations
  7375 | D:10     | Reached ** piety under Qazlal
  7376 | D:10     | Reached skill level 9 in Invocations
  7491 | D:10     | Identified the +0 robe of the Maze {Regen+ Str+3}
  7606 | D:9      | Reached skill level 10 in Invocations
  7626 | D:9      | HP: 36/74 [water moccasin (5)]
  7628 | D:9      | HP: 15/74 [orc priest/divine providence (13)]
  7652 | D:9      | HP: 32/74 [killer bee (8)]
  7657 | D:9      | HP: 25/74 [poisoned by a killer bee]
  7663 | D:9      | Reached XP level 10. HP: 20/80 MP: 13/18
  7663 | D:9      | HP: 13/80 [killer bee (8)]
  7876 | D:9      | Reached skill level 11 in Invocations
  7909 | D:8      | Noticed Erica
  7914 | D:7      | Found a snail-covered altar of Cheibriados.
  7914 | D:7      | Found a radiant altar of Vehumet.
  8138 | D:8      | Killed Erica
  8139 | D:8      | Reached skill level 12 in Invocations
  8314 | D:2      | Bought a smelly chain mail for 237 gold pieces
  8314 | D:2      | Identified the +5 chain mail of the Shrike {Will+} (You
                  | bought it in a shop on level 2 of the Dungeon)
  8678 | D:8      | Noticed Grum
  8680 | D:8      | HP: 40/80 [centaur (1)]
  8684 | D:8      | HP: 19/80 [wolf[Grum] (2)]
  8687 | D:8      | HP: 4/80 [Grum/+1 spear (16)]
  8688 | D:8      | HP: 1/80 [wolf[Grum] (8)]
  8689 | D:8      | Mangled by Grum

Illustrated notes

Levels and vault maps discovered:
D:1:      lightli_arrival_farm, layout_basic
D:2:      layout_loops_cross, basic_altar, serial_shops, shop, shop,
          nicolae_lakefront_shop, minmay_tromino_v2
D:3:      layout_loops_ring, overflow_temple_1_default,
          nicolae_overflow_ecumenical_swirl, uniq_terence
D:4:      layout_loops_ring, grunt_dithmenos_smoke_and_mirrors, uniq_natasha,
          uniq_ijyb, uniq_menkaure
D:5:      layout_loops_corners, mainiacjoe_overflow_surrounded_room,
          minmay_temple_entry_stoned_glass
D:6:      layout_loops_cross, mainiacjoe_overflow_brackets
D:7:      layout_loops_ring, elyvilon_altar_1, nicolae_overflow_hidden_temple,
          minmay_manual_monolith
D:8:      layout_loops_ring, uniq_erica, uniq_grum
D:9:      layout_basic, minmay_chambers_of_fives
D:10:     layout_cave_pools, grunt_temple_overflow_open

Skill      XL: |  1  2  3  4  5  6  7  8  9 10 |
---------------+-------------------------------+-----
Axes           | 2 |  2.1
Staves         | 1 2 3 4 5 6 8 |  8.0
Invocations    | 1 5 10 12 | 12.8
Fighting       | 6 8 |  8.0
Throwing       | |  0.8
Armour         | |  0.8
Dodging        | |  1.7
Spellcasting   | |  2.0
Translocations | |  2.6

Action                     |  1- 3 |  4- 6 |  7- 9 | 10-12 || total
---------------------------+-------+-------+-------+-------++-------
  Melee: Hand axe          |    13 |       |       |       ||    13
         Quarterstaff      |    87 |    70 |   224 |    46 ||   427
  Throw: Boomerang         |       |     3 |     2 |       ||     5
         Throwing net      |       |       |       |     1 ||     1
 Invoke: Upheaval          |       |       |     1 |       ||     1
  Evoke: Wand              |       |       |       |     1 ||     1
    Use: Scroll            |     1 |     1 |     9 |       ||    11
         Potion            |       |     2 |     3 |     2 ||     7
   Stab: Sleeping          |     2 |       |       |       ||     2
         Distracted        |       |     1 |     1 |     1 ||     3
         Held in net/web   |       |       |       |     1 ||     1
 Armour: Leather armour    |    38 |    14 |       |       ||    52
         Skin              |       |     8 |       |       ||     8
         Scale mail        |       |       |    84 |     9 ||    93
         Chain mail        |       |       |       |    18 ||    18
  Dodge: Dodged            |    71 |    24 |    89 |    28 ||   212
  Block: Other             |       |       |       |     5 ||     5

Levels and vault maps discovered:
D:1:      lightli_arrival_farm, layout_basic
D:2:      layout_loops_cross, basic_altar, serial_shops, shop, shop,
          nicolae_lakefront_shop, minmay_tromino_v2
D:3:      layout_loops_ring, overflow_temple_1_default,
          nicolae_overflow_ecumenical_swirl, uniq_terence
D:4:      layout_loops_ring, grunt_dithmenos_smoke_and_mirrors, uniq_natasha,
          uniq_ijyb, uniq_menkaure
D:5:      layout_loops_corners, mainiacjoe_overflow_surrounded_room,
          minmay_temple_entry_stoned_glass
D:6:      layout_loops_cross, mainiacjoe_overflow_brackets
D:7:      layout_loops_ring, elyvilon_altar_1, nicolae_overflow_hidden_temple,
          minmay_manual_monolith
D:8:      layout_loops_ring, uniq_erica, uniq_grum
D:9:      layout_basic, minmay_chambers_of_fives
D:10:     layout_cave_pools, grunt_temple_overflow_open

Table legend: (Time is in decaauts)
 A = Elapsed time spent in this place.
 B = Non-inter-level travel time spent in this place.
 C = Inter-level travel time spent in this place.
 D = Time resting spent in this place.
 E = Time spent auto-exploring this place.
 F = Levels seen in this place.
 G = Mean time per level.
                   A        B        C        D        E       F      G
               +--------+--------+--------+--------+--------+-----+--------+
         Total |   8715 |   8022 |    693 |   1088 |   5499 |  10 |  871.5 |
       Dungeon |   8715 |   8022 |    693 |   1088 |   5499 |  10 |  871.5 |
               +--------+--------+--------+--------+--------+-----+--------+

Top non-repeatable levels by time:
     D:7: 1617 daAuts
     D:4: 1175 daAuts
     D:5: 1084 daAuts
     D:1: 1045 daAuts
     D:3: 1025 daAuts
     D:6: 810 daAuts
     D:2: 766 daAuts
    D:10: 419 daAuts
     D:9: 386 daAuts
     D:8: 386 daAuts

Table legend:
 A = Kills in this place as a percentage of kills in the entire game.
 B = Kills by you in this place as a percentage of kills by you in the entire game.
 C = Kills by friends in this place as a percentage of kills by friends in the entire game.
 D = Other kills in this place as a percentage of other kills in the entire game.
 E = Experience gained in this place as a percentage of experience gained in the entire game.
 F = Experience gained in this place divided by the number of levels of this place that you have seen.
                   A       B       C       D       E      F
               +-------+-------+-------+-------+-------+----------------------
         Total | 100.0 | 100.0 |   N/A |   N/A | 100.0 | 739.0
       Dungeon | 100.0 | 100.0 |   N/A |   N/A | 100.0 | 739.0
               +-------+-------+-------+-------+-------+----------------------
